[Event "*** Titled Tuesday Blitz"]
[Site "Chess.com"]
[Date "2020.02.04"]
[Round "2"]
[White "MishkaFighter"]
[Black "Kimster98"]
[Result "0-1"]
[WhiteElo "2432"]
[BlackElo "2696"]
[TimeControl "180+2"]
[EndTime "13:29:47 PST"]
[Termination "Kimster98 won by resignation"]

1. d4 Nf6 2. c4 e6 3. Nf3 b6 4.
g3 Bb7 5. Bg2 Bb4+ 6. Bd2 a5 7.
O-O O-O 8. Bf4 Be7 9. Nc3 Ne4 10. Qc2 Nxc3 11. Qxc3 Be4 12. Rfd1 d6 13. Rac1 Nd7 14. Bh3 Nf6 15. d5 Bxf3 16. exf3 e5 17. Be3 Nd7 18. b3 f5 19. a3 Bg5 20. b4 axb4 21.
axb4 Bxe3 22. Qxe3 Ra4 23. f4 Rxb4 24. fxe5 Nxe5 25. f4 Nxc4 26. Qc3 Ra4 27. Qb3 b5 28. Qxb5 Nb6 29. Qd3 Re4 30. Qc3 Rc4 31. Qd3 Rxc1 32. Rxc1 g6 33. Qc3 Rf7 34. Bf1 Na4 35. Qc6 Nb6 36. Bg2 Qd7 37. Qc3 Re7 38. h3 Qe8 39.
Kh2 Na4 40. Qa5 Nc5 41. Qc3 Re2 42. Kh1 Qe3 43. Qxe3 Rxe3 44. Kh2 Kf7 45. Ra1 Nd7 46.
Ra7 Rc3 47. h4 Nf6 48. Kh3 Rc2 49. Ra8 Ng4 50. Rh8 Nf2+ 51. Kh2 Ng4+ 52. Kh3 Kg7 53. Rd8 h5 54. Rd7+ Kh6 55. Rd8 Kg7 56. Rd7+ Kh6 57. Rd8 Nf2+ 58. Kh2 Rc3 59. Rd7 Ng4+ 60. Kh3 Ne3 61.
Bf3 Rc2 62. Re7 Ng4 63. Re2 Rxe2 64. Bxe2 Ne3 65. Bf3 Kg7 66. Kh2 Kf6 67. Kg1 Ke7 68. Kf2 Nc4 69. Ke2 Kd7 70. Kd3 Na5 71. Kc3 Kc8 72.
Kb4 Nb7 73. Kb5 Nc5 74. Kc6 Nb7 75. Kb5 Kd7 76. Kc4 Nc5 77. Kd4 Nb3+ 78. Kc3 Na5 79. Kb4 Nb7 80. Kc4 Nd8 81. Kd4 Nf7 82. Kc4 Nh6 83.
Kd4 Ng8 84. Kc4 Ne7 85. Kd4 Kc8 86. Kc4 Kb7 87. Kb5 Ng8 88. Bg2 Nf6 89. Bf3 Ng4 90. Kb4 Kb6 91. Be2 Nf6 92. Bf3 Nd7 93. Kc4 Ka5 94. Bd1 Nb6+ 95. Kd4 Kb4 96. Be2 Nc8 97. Ba6 Ne7 98. Bb7 Kb5 99. Ba8 Kb6 100. Kc4 Ka7 101. Bc6 Nxc6 102. dxc6 Kb6 103. Kd5 Kb5 104. Ke6 Kxc6 105.
Kf6 d5 106. Kxg6 d4 107. g4 fxg4 108. f5 g3 109. f6 g2 110. f7 g1=Q+ 111. Kxh5 Qf2 112. f8=Q Qxf8 0-1

[Event "*** Titled Tuesday Blitz"]
[Site "Chess.com"]
[Date "2020.02.04"]
[Round "2"]
[White "Carnivoras"]
[Black "Shtembuliak"]
[Result "1/2-1/2"]
[WhiteElo "2555"]
[BlackElo "2804"]
[TimeControl "180+2"]
[EndTime "13:29:57 PST"]
[Termination "Game drawn by 50-move rule"]

1. d4 g6 2. Nf3 Bg7 3. e4 d6 4.
Bd3 Nf6 5. O-O O-O 6. Qe2 Nc6 7.
Bg5 Bg4 8. c3 e5 9. d5 Ne7 10.
Nbd2 h6 11. Be3 Bd7 12. c4 Ng4 13. c5 Nxe3 14. Qxe3 f5 15. cxd6 cxd6 16. Nc4 Rf6 17. Qd2 f4 18. Rfc1 g5 19. Na5 Rb8 20. Qb4 Ng6 21.
Nxb7 g4 22. Nxd8 Rxb4 23. Nd2 Rxb2 24. Nc4 Rb4 25. Rab1 Ra4 26. Rb7 Nf8 27. a3 f3 28.
Ne6 Nxe6 29. Rxd7 Nc5 30. Rd8+ Rf8 31. Rxf8+ Bxf8 32. Bb1 Kf7 33. gxf3 gxf3 34. Rc3 Ke7 35. Bc2 Ra6 36. Rxf3 Nd7 37. Kf1 Nb6 38. Nxb6 axb6 39. Rb3 h5 40. Bd3 Ra7 41. Bb5 Bh6 42. a4 Bd2 43. Bc6 Ba5 44. Rh3 Kf6 45. Rxh5 Bb4 46.
Rh6+ Kg5 47. Rh3 Bc5 48. Kg2 Kf4 49. Rh4+ Kg5 50. Rh8 Kf4 51. Rh4+ Kg5 52. Rh3 Kg4 53. Rf3 Rh7 54. h3+ Kg5 55. Rf5+ Kg6 56. Kg3 Rh8 57.
f3 Bb4 58. h4 Be1+ 59. Kg2 Rxh4 60. Rf8 Bb4 61. Rb8 Bc5 62. Rg8+ Kf6 63. Rg4 Rh8 64. Rg3 Be3 65. Rh3 Rg8+ 66. Rg3 Rh8 67. Rh3 Rg8+ 68. Rg3 Rf8 69. Kf1 Bf4 70. Rh3 Rg8 71.
Ke2 Rg2+ 72. Kd3 Ra2 73. Bb5 Ra3+ 74. Ke2 Re3+ 75. Kf2 Ra3 76. Ke2 Be3 77. Rh7 Bc5 78. Rh3 Kg5 79. Kd2 Kf4 80. Ke2 Re3+ 81. Kd2 Bb4+ 82. Kc2 Rc3+ 83. Kb2 Re3 84. Kc2 Re1 85. Bd3 Ke3 86. Bb5 Kd4 87. Rh2 Re3 88. Rf2 Rc3+ 89. Kb2 Ba3+ 90. Ka2 Bc1 91. Rf1 Bd2 92. Kb2 Rc7 93. Kb3 Ke3 94. Kb2 Rc5 95. Kb3 Rc7 96.
Kb2 Rh7 97. Kc2 Rh2 98. Kb3 Kd4 99. Rd1 Rf2 100. Rf1 Rg2 101. Rd1 Ke3 102. Rf1 Rg7 103. Kc2 Rc7+ 104. Kb3 Kf4 105. Rd1 Be3 106. Rf1 Kg3 107. Kb2 Bf2 108. Be2 Bd4+ 109. Kb1 Rc3 1/2-1/2

[Event "*** Titled Tuesday Blitz"]
[Site "Chess.com"]
[Date "2020.02.04"]
[Round "2"]
[White "GMWSO"]
[Black "Rodalquilar"]
[Result "1/2-1/2"]
[WhiteElo "3078"]
[BlackElo "2661"]
[TimeControl "180+2"]
[EndTime "13:30:04 PST"]
[Termination "Game drawn by stalemate"]

1. d4 d5 2. Nf3 Nf6 3. Bf4 e6 4. e3 Bd6 5. Nbd2 O-O 6. Bd3 b6 7. Qe2 Bb7 8. Ne5 Ne4 9. Nxe4 dxe4 10. Bc4 Qe7 11. Qg4 Kh8 12. O-O-O Bd5 13. Bxd5 exd5 14. Qh5 Kg8 15. h4 c6 16. Rh3 Bxe5 17. dxe5 Qe6 18.
Rg3 Re8 19. Bh6 g6 20. Bf4 Nd7 21. Qh6 Nxe5 22. h5 Ng4 23. Qg5 Nf6 24. Rh1 Re7 25.
Qh4 Rd8 26. hxg6 fxg6 27. Rxg6+ hxg6 28. Qh8+ Kf7 29. Qxd8 Qd7 30. Qb8 Qg4 31. Bg3 Qf5 32. Bd6 Rd7 33. Qf8+ Ke6 34. Bg3 Nh5 35. Qe8+ Re7 36.
Qxc6+ Kf7 37. Bh4 Rd7 38. f3 Qe6 39. Qc3 Ng7 40. fxe4 dxe4 41. Rf1+ Kg8 42. Qc8+ Kh7 43. Rf8 g5 44. Bxg5 Qg4 45. b3 Rd1+ 46. Kb2 Qxg5 47.
Rh8+ Kg6 48. Qc6+ Qf6+ 49. Qxf6+ Kxf6 50. Rh4 Rd2 51. Rxe4 Rxg2 52. Rc4 Nf5 53. e4 Ne3 54. Rc7 a5 55. Rc6+ Ke5 56. Rxb6 Rxc2+ 57. Ka3 Nd1 58.
Rb5+ Kxe4 59. Rxa5 Nc3 60. b4 Kd3 61. Kb3 Rc1 62.
Rc5 Rb1+ 63. Ka3 Ne4 64. Rc8 Nc3 65. Rd8+ Kc2 66. Rc8 Rb2 67. b5 Rxb5 68. Rc7 Kd3 69. Rd7+ Ke3 70. Re7+ Kd4 71. Rd7+ Ke5 72. Rc7 Nd5 73.
Rc8 Rb1 74. Re8+ Kd4 75. Rd8 Kc5 76. Rc8+ Kb5 77. Rb8+ Nb6 78. Rb7 Ka6 79. Rc7 Ka5 80. Rc5+ Ka6 81. Ra5+ Kb7 82. Ra7+ Kc6 83. Rc7+ Kd6 84.
Rc6+ Kd5 85. Rc5+ Kd4 86. Rc7 Nc4+ 87. Ka4 Kc3 88. a3 Rb3 89. Rc8 Rb2 90. Rb8 Rg2 91.
Rb3+ Kd4 92. Rb8 Rg4 93. Kb4 Nd6 94. Ka5 Kd5 95. a4 Kc6 96. Rb6+ Kc7 97. Rb1 Rc4 98. Rb4 Rc5+ 99. Ka6 Kc6 100. Rb6+ Kd5 101. a5 Rc8 102. Ka7 Kc5 103. a6 Rc7+ 104. Rb7 Nxb7 105. axb7 Kc6 106. Ka8 Rxb7 1/2-1/2

[Event "*** Titled Tuesday Blitz"]
[Site "Chess.com"]
[Date "2020.02.04"]
[Round "3"]
[White "Siemba"]
[Black "PowerThinking2650"]
[Result "0-1"]
[WhiteElo "2186"]
[BlackElo "2384"]
[TimeControl "180+2"]
[EndTime "13:33:25 PST"]
[Termination "PowerThinking2650 won by resignation"]

1. e4 e5 2. Qh5 Nc6 3. Bc4 g6 4. Qf3 Nf6 5. Qb3 Nd4 6. Qd3 d5 7. exd5 Bf5 8. Bb5+ c6 9. dxc6 Bxd3 10. c7+ Bxb5 11.
cxd8=Q+ Rxd8 12. Kd1 Ne4 13. Nh3 Be2+ 14. Ke1 Bg4 0-1

[Event "*** Titled Tuesday Blitz"]
[Site "Chess.com"]
[Date "2020.02.04"]
[Round "3"]
[White "ChadBiryani"]
[Black "sergeikim"]
[Result "1-0"]
[WhiteElo "2303"]
[BlackElo "2403"]
[TimeControl "180+2"]
[EndTime "13:33:38 PST"]
[Termination "ChadBiryani won by resignation"]

1. d4 Nf6 2. Bf4 g6 3. Nc3 Bg7 4. Qd2 d6 5. O-O-O c6 6. Bh6 Bxh6 7. Qxh6 b5 8. Nf3 b4 9. Nb1 Qa5 10. a3 Na6 11. e3 bxa3 12. Nxa3 Be6 13. h4 O-O-O 14.
Qg5 Nd5 15. e4 f6 16. Qd2 Ndb4 17. Bxa6+ Qxa6 18. Qxb4 Kc7 19. d5 Rb8 20. Qc4 Bd7 21.
Qxa6 1-0

[Event "*** Titled Tuesday Blitz"]
[Site "Chess.com"]
[Date "2020.02.04"]
[Round "3"]
[White "Korchmar_Vasiliy"]
[Black "Majkelopulos"]
[Result "1-0"]
[WhiteElo "2787"]
[BlackElo "2487"]
[TimeControl "180+2"]
[EndTime "13:33:42 PST"]
[Termination "Korchmar_Vasiliy won by resignation"]

1. d4 Nf6 2. c4 c5 3. d5 e6 4. Nc3 exd5 5. cxd5 d6 6. Nf3 g6 7. g3 Bg7 8. Bg2 O-O 9. O-O Re8 10. Bf4 Ne4 11. Nxe4 Rxe4 12. Nd2 Rxf4 13. gxf4 Bxb2 14. Rb1 Bg7 15. e4 a6 16. Re1 b5 17.
e5 Bf5 18. Be4 dxe5 19. fxe5 Qg5+ 20. Kh1 Bxe5 21. Nf3 Qf4 22. Bxf5 Bc3 1-0

[Event "*** Titled Tuesday Blitz"]
[Site "Chess.com"]
[Date "2020.02.04"]
[Round "3"]
[White "Gabrielian_Artur"]
[Black "XiaoKangZhong"]
[Result "1-0"]
[WhiteElo "2765"]
[BlackElo "2344"]
[TimeControl "180+2"]
[EndTime "13:34:00 PST"]
[Termination "Gabrielian_Artur won by resignation"]

1. e4 c6 2. d4 d5 3. Nd2 dxe4 4. Nxe4 Nf6 5. Ng3 g6 6. Nf3 Bg7 7. h3 O-O 8. Bc4 c5 9. O-O Qc7 10. dxc5 Qxc5 11. Qe2 Nc6 12. Be3 Qa5 13. Rad1 a6 14. Bb3 Qc7 15. Rfe1 Bd7 16. Ng5 h6 17. N5e4 Nxe4 18.
Nxe4 Kh7 19. c3 Rae8 20. h4 f5 21. Nc5 Bc8 22. h5 g5 23. Ne6 Bxe6 24. Bxe6 f4 25. Bc1 Kh8 26. Rd7 Qb6 27. Qe4 Nd8 28. Bb3 e5 29.
Bc2 1-0

[Event "*** Titled Tuesday Blitz"]
[Site "Chess.com"]
[Date "2020.02.04"]
[Round "3"]
[White "jefferyx"]
[Black "biostatistician"]
[Result "1-0"]
[WhiteElo "2935"]
[BlackElo "2697"]
[TimeControl "180+2"]
[EndTime "13:34:05 PST"]
[Termination "jefferyx won by resignation"]

1. e4 e6 2. d4 d5 3. Nd2 Nc6 4. Ngf3 Nf6 5. e5 Ne4 6. Bd3 Nxd2 7. Bxd2 Nb4 8. Be2 c5 9. O-O Bd7 10. c4 dxc4 11. Bxc4 Be7 12. dxc5 Bxc5 13. Bxb4 Bxb4 14. Qb3 a5 15. a3 Bc5 16. Bb5 Qc7 17. Rac1 Rd8 18.
Rfd1 O-O 19. Bxd7 Rxd7 20. Rxd7 Qxd7 21. Rxc5 Rd8 22. h3 1-0

[Event "*** Titled Tuesday Blitz"]
[Site "Chess.com"]
[Date "2020.02.04"]
[Round "3"]
[White "colegiodemadrid"]
[Black "Marks1420"]
[Result "1-0"]
[WhiteElo "2370"]
[BlackElo "2133"]
[TimeControl "180+2"]
[EndTime "13:34:13 PST"]
[Termination "colegiodemadrid won by resignation"]

1. e4 e6 2. d4 d5 3. e5 c5 4. c3 Nc6 5. Nf3 Bd7 6. Be2 Nge7 7. O-O Nf5 8. dxc5 Bxc5 9. Bd3 Nfe7 10. Nbd2 Ng6 11.
Nb3 Bb6 12. Re1 O-O 13. g3 Bc7 14. Bxg6 hxg6 15. Bf4 b6 16. Nbd4 Qe7 17. Nxc6 Bxc6 18. h4 Rfd8 19. Nd4 Bb7 20. Qg4 Rdc8 21. Kg2 Bd8 22.
Rh1 Kf8 23. h5 gxh5 24. Rxh5 Ke8 25. Qxg7 Kd7 26. Rh7 Bc7 27. Qxf7 Re8 28. Qg6 1-0

[Event "*** Titled Tuesday Blitz"]
[Site "Chess.com"]
[Date "2020.02.04"]
[Round "3"]
[White "Aygehovit1992"]
[Black "Raspadsistema"]
[Result "1-0"]
[WhiteElo "2657"]
[BlackElo "2798"]
[TimeControl "180+2"]
[EndTime "13:34:16 PST"]
[Termination "Aygehovit1992 won by resignation"]

1. e4 d6 2. d4 Nf6 3. Nc3 e5 4. Nf3 Nbd7 5. g4 Nxg4 6. Rg1 Ngf6 7. Be3 g6 8. Bc4 Bg7 9. Qd2 O-O 10. Bh6 Qe7 11. O-O-O c6 12. Nh4 Nb6 13. Nxg6 hxg6 14. Rxg6 Nxc4 15. Rxg7+ Kh8 16. Qg5 1-0

[Event "*** Titled Tuesday Blitz"]
[Site "Chess.com"]
[Date "2020.02.04"]
[Round "3"]
[White "vugarrasulov"]
[Black "albi1999"]
[Result "1-0"]
[WhiteElo "2910"]
[BlackElo "2500"]
[TimeControl "180+2"]
[EndTime "13:34:20 PST"]
[Termination "vugarrasulov won by resignation"]

1. e4 e5 2. Nc3 Nf6 3. Bc4 Nxe4 4. Qh5 Nd6 5. Bb3 Nc6 6. Nb5 g6 7. Qf3 f5 8. Qd5 Qf6 9. Nxc7+ Kd8 10. Nxa8 b6 11.
d3 Bb7 12. Nf3 Nd4 13. Qxd4 exd4 14. Bg5 Be7 15. Bxf6 Bxf6 16. Nxb6 axb6 17. O-O g5 18. Rfe1 g4 19. Ne5 h5 20. a4 Re8 21.
Nf7+ Nxf7 22. Bxf7 Rxe1+ 23. Rxe1 h4 24. Bg6 f4 25.
Be4 1-0

[Event "*** Titled Tuesday Blitz"]
[Site "Chess.com"]
[Date "2020.02.04"]
[Round "3"]
[White "VladDobrov"]
[Black "secretsuperstar7"]
[Result "1-0"]
[WhiteElo "2893"]
[BlackElo "2229"]
[TimeControl "180+2"]
[EndTime "13:34:21 PST"]
[Termination "VladDobrov won by resignation"]

1. e4 c5 2. a3 Nc6 3. b4 cxb4 4.
axb4 Nxb4 5. d4 d5 6. c3 Nc6 7. exd5 Qxd5 8. Na3 Nf6 9. Nb5 Qd8 10. d5 Ne5 11.
Bf4 Nfd7 12. Nf3 f6 13. Bxe5 fxe5 14. Ng5 Nf6 15. Ne6 Bxe6 16. dxe6 a6 17. Qa4 Nd7 18. exd7+ Qxd7 19. Nc7+ Kd8 20. Qxd7+ Kxd7 21. Nxa8 1-0

[Event "*** Titled Tuesday Blitz"]
[Site "Chess.com"]
[Date "2020.02.04"]
[Round "3"]
[White "vellottiwizard"]
[Black "cmpassgall"]
[Result "0-1"]
[WhiteElo "2707"]
[BlackElo "2560"]
[TimeControl "180+2"]
[EndTime "13:34:35 PST"]
[Termination "cmpassgall won by resignation"]

1. e4 e5 2. Nf3 Nc6 3. Bb5 a6 4. Ba4 Nf6 5. O-O b5 6. Bb3 Bc5 7. Nxe5 Nxe5 8. d4 Bxd4 9. Qxd4 d6 10. f4 c5 11. Qc3 Neg4 12. h3 c4 13. hxg4 Nxg4 14.
Qxg7 Qh4 15. Qxh8+ Ke7 16. Rf3 Qh2+ 17. Kf1 Qh1+ 18.
Ke2 Qxg2+ 19. Ke1 Qxf3 20. Qd4 cxb3 21. axb3 Qh1+ 22. Kd2 Qg2+ 23. Ke1 Bb7 24. Nc3 Nh2 25. Qf2 Nf3+ 26. Ke2 Nd4+ 0-1

[Event "*** Titled Tuesday Blitz"]
[Site "Chess.com"]
[Date "2020.02.04"]
[Round "3"]
[White "platy3"]
[Black "Leonid_Starozhilov"]
[Result "1-0"]
[WhiteElo "2893"]
[BlackElo "2668"]
[TimeControl "180+2"]
[EndTime "13:34:40 PST"]
[Termination "platy3 won by resignation"]

1. e4 d6 2. d4 Nf6 3. Nc3 e5 4. Nf3 Nbd7 5. Bc4 Be7 6. a4 O-O 7. O-O c6 8. h3 b6 9. Qe2 a6 10. Rd1 Qc7 11. Ba2 Bb7 12. dxe5 dxe5 13. Nh4 g6 14.
Bh6 Rfe8 15. Bxf7+ Kh8 16. Bxe8 Rxe8 17. Nf3 Nc5 18.
Qc4 Bf8 19. Bxf8 Rxf8 20. b4 Ncd7 21. b5 Nb8 22. Ng5 Qe7 23. Qe6 Qg7 24. Qd6 Re8 25. Ne6 Qf7 26. Nd8 Qe7 27. Nxb7 Qxb7 28. Qxf6+ 1-0

[Event "*** Titled Tuesday Blitz"]
[Site "Chess.com"]
[Date "2020.02.04"]
[Round "3"]
[White "Manukyan_Artak"]
[Black "King_of_the_wing"]
[Result "1-0"]
[WhiteElo "2336"]
[BlackElo "2038"]
[TimeControl "180+2"]
[EndTime "13:34:42 PST"]
[Termination "Manukyan_Artak won by resignation"]

1. e4 e6 2. d4 d5 3. e5 c5 4. c3 Nc6 5. Nf3 Qb6 6. a3 Nh6 7.
b4 cxd4 8. cxd4 Nf5 9. Bb2 a5 10. b5 h5 11. Qa4 Na7 12. Bd3 Bd7 13. Nc3 g6 14. O-O Rc8 15. Rfc1 Bh6 16. Rc2 O-O 17. Bxf5 gxf5 18. Qb3 Nxb5 19. a4 1-0

[Event "*** Titled Tuesday Blitz"]
[Site "Chess.com"]
[Date "2020.02.04"]
[Round "3"]
[White "SanchezKelvin"]
[Black "olksuna"]
[Result "0-1"]
[WhiteElo "2347"]
[BlackElo "2578"]
[TimeControl "180+2"]
[EndTime "13:35:02 PST"]
[Termination "olksuna won by resignation"]

1. d4 Nf6 2. c4 e6 3. Nf3 d5 4.
Nc3 dxc4 5. e3 a6 6. Bxc4 b5 7. Be2 Bb7 8. O-O Nbd7 9. b3 c5 10. Bb2 Rc8 11. Rc1 Be7 12. a4 b4 13. Nb1 O-O 14. Nbd2 Nd5 15. Nc4 cxd4 16. Qxd4 Bf6 17.
Qa7 Bxb2 18. Nxb2 Nc3 19. Bxa6 Bxa6 20. Qxa6 Nc5 21. Qc4 N5xa4 22. Qxb4 Ne2+ 23. Kh1 Rxc1 24. Rxc1 Nxb2 25. Rb1 Nd3 0-1

[Event "*** Titled Tuesday Blitz"]
[Site "Chess.com"]
[Date "2020.02.04"]
[Round "3"]
[White "Koksik_13"]
[Black "Simoncelli15"]
[Result "1-0"]
[WhiteElo "2703"]
[BlackElo "2323"]
[TimeControl "180+2"]
[EndTime "13:35:05 PST"]
[Termination "Koksik_13 won by resignation"]

1. e4 c6 2. d4 d5 3. Nc3 dxe4 4. Nxe4 Bf5 5. Ng3 Bg6 6. Nh3 Nf6 7. Nf4 Nbd7 8. h4 e5 9. Nxg6 hxg6 10. Bc4 exd4 11.
Bg5 Qa5+ 12. c3 dxc3 13. O-O O-O-O 14. b4 Qc7 15. Qb3 Ne5 16. Be2 Bd6 17. Qxc3 Rde8 18.
b5 Neg4 19. bxc6 b6 20. Qc4 Nxf2 21. Rxf2 Bxg3 22. Rf3 Re4 23. Qa6+ Kb8 24. Rxg3 Rxe2 25. Bf4 1-0

[Event "*** Titled Tuesday Blitz"]
[Site "Chess.com"]
[Date "2020.02.04"]
[Round "3"]
[White "peixe64"]
[Black "mohssenbinaddi"]
[Result "1-0"]
[WhiteElo "2348"]
[BlackElo "2040"]
[TimeControl "180+2"]
[EndTime "13:35:09 PST"]
[Termination "peixe64 won by resignation"]

1. d4 c6 2. c3 d5 3. Nf3 Bf5 4. Bf4 e6 5. Nbd2 Bd6 6. e3 Bxf4 7. exf4 Ne7 8. g3 Nd7 9. Nh4 h5 10. Be2 g6 11. Nxf5 Nxf5 12. h4 Nf6 13. Qb3 Qb6 14. Bd3 Qxb3 15. axb3 Nd6 16. f3 Ke7 17. b4 a6 18. Kf2 Nd7 19. Nb3 Rab8 20. Nc5 Nb6 21.
Rhe1 Nbc4 22. b3 Nb6 23. Bxg6 Ne4+ 24. Bxe4 dxe4 25. fxe4 1-0

[Event "*** Titled Tuesday Blitz"]
[Site "Chess.com"]
[Date "2020.02.04"]
[Round "3"]
[White "ChessLover0108"]
[Black "FairChess_on_YouTube"]
[Result "0-1"]
[WhiteElo "2724"]
[BlackElo "3027"]
[TimeControl "180+2"]
[EndTime "13:35:10 PST"]
[Termination "FairChess_on_YouTube won by resignation"]

1. d4 d5 2. c4 dxc4 3. Nf3 a6 4. e3 Bg4 5. Bxc4 e6 6. O-O Nc6 7. Nc3 Nf6 8. Be2 Bd6 9. h3 Bh5 10. b3 O-O 11. Bb2 Qe7 12. Nd2 Bxe2 13. Qxe2 e5 14. d5 Nb4 15. e4 Nc2 16. Rac1 Nd4 17. Qd3 Nh5 18. Ne2 Nxe2+ 19. Qxe2 Nf4 20. Qf3 f5 21. Nc4 Rf6 22. Rfe1 Rg6 23. Ne3 fxe4 24. Qxe4 Nxh3+ 25. Kf1 Ng5 26. Nf5 Qf7 27. Qc2 Rf8 28. Ne3 Ne4 29.
f3 Ng3+ 30. Kg1 e4 0-1

[Event "*** Titled Tuesday Blitz"]
[Site "Chess.com"]
[Date "2020.02.04"]
[Round "3"]
[White "LiemLe"]
[Black "Lovkov_Roman"]
[Result "1-0"]
[WhiteElo "2973"]
[BlackElo "2711"]
[TimeControl "180+2"]
[EndTime "13:35:16 PST"]
[Termination "LiemLe won by resignation"]

1. e4 c6 2. d4 d5 3. e5 c5 4. dxc5 e6 5. a3 Nc6 6. Nf3 Bxc5 7. b4 Bb6 8. Bd3 Nge7 9. O-O Ng6 10. Re1 f6 11.
Bxg6+ hxg6 12. Bb2 fxe5 13. b5 Nd4 14. Nxd4 exd4 15.
Nd2 d3 16. Nf3 dxc2 17. Qxc2 O-O 18. Qxg6 Qe7 19. Ng5 1-0

[Event "*** Titled Tuesday Blitz"]
[Site "Chess.com"]
[Date "2020.02.04"]
[Round "3"]
[White "marcodobrikov"]
[Black "kinga2008"]
[Result "1-0"]
[WhiteElo "2518"]
[BlackElo "1984"]
[TimeControl "180+2"]
[EndTime "13:35:18 PST"]
[Termination "marcodobrikov won by resignation"]

1. e4 c5 2. Nf3 d6 3. d4 cxd4 4.
Nxd4 Nf6 5. Nc3 g6 6. Be3 Bg7 7.
f3 O-O 8. Qd2 Nc6 9. O-O-O d5 10. Qe1 Nxd4 11. Bxd4 e6 12. Kb1 dxe4 13. Nxe4 Nd7 14.
Bxg7 Kxg7 15. h4 Qe7 16. h5 Nf6 17. Qh4 Rh8 18. h6+ 1-0

[Event "*** Titled Tuesday Blitz"]
[Site "Chess.com"]
[Date "2020.02.04"]
[Round "3"]
[White "Walter_White_Poland"]
[Black "MishkaFighter"]
[Result "0-1"]
[WhiteElo "2241"]
[BlackElo "2441"]
[TimeControl "180+2"]
[EndTime "13:35:26 PST"]
[Termination "MishkaFighter won by resignation"]

1. e4 g6 2. d4 Bg7 3. Nc3 d6 4. f4 a6 5. Nf3 b5 6. e5 Nd7 7.
Be3 Bb7 8. Bd3 Nh6 9. h4 c5 10. d5 dxe5 11. fxe5 Ng4 12. Qe2 Ngxe5 13. h5 Qa5 14.
hxg6 hxg6 15. Rxh8+ Bxh8 16. Nxe5 Bxe5 17. O-O-O b4 18.
Ne4 Qxa2 19. b3 Bc3 20. Nxc3 bxc3 0-1

[Event "*** Titled Tuesday Blitz"]
[Site "Chess.com"]
[Date "2020.02.04"]
[Round "3"]
[White "Korona_91"]
[Black "x-3738459472"]
[Result "1-0"]
[WhiteElo "2433"]
[BlackElo "2600"]
[TimeControl "180+2"]
[EndTime "13:35:28 PST"]
[Termination "Korona_91 won by resignation"]

1. e4 c5 2. Nf3 Nc6 3. Bb5 d6 4. O-O Bd7 5. c3 Nf6 6. Re1 a6 7. Bf1 Bg4 8. h3 Bh5 9. Na3 e6 10. Nc2 Be7 11. d4 cxd4 12. Ncxd4 Nxd4 13. cxd4 d5 14. e5 Nd7 15. Bf4 O-O 16. Bd3 Qb6 17. Rb1 Rac8 18. Be3 Rc7 19. a3 Rfc8 20. Qd2 Bg6 21. Bxg6 hxg6 22. Bg5 Rc2 23. Qf4 Bf8 24. Bh4 Qc7 25. Ng5 Nb8 26. Bg3 Nc6 27. Qh4 Bb4 28.
axb4 Nxb4 29. Qh7+ Kf8 30. Qh8+ Ke7 31. Qxg7 Rf8 32.
Bh4 1-0

[Event "*** Titled Tuesday Blitz"]
[Site "Chess.com"]
[Date "2020.02.04"]
[Round "3"]
[White "CrushingKings"]
[Black "MarcoRiehle"]
[Result "0-1"]
[WhiteElo "2164"]
[BlackElo "2641"]
[TimeControl "180+2"]
[EndTime "13:35:29 PST"]
[Termination "MarcoRiehle won by resignation"]

1. e4 e5 2. Nf3 Nf6 3. Nxe5 Nxe4 4. Nf3 d5 5. d3 Nf6 6. d4 Bd6 7. Bd3 O-O 8. O-O Bg4 9. h3 Bh5 10. Re1 h6 11. Nbd2 c5 12. dxc5 Bxc5 13. Nb3 Bb6 14. Be3 Bc7 15. Bc5 Re8 16. Rxe8+ Qxe8 17. g4 Nxg4 18.
hxg4 Bxg4 19. Qe1 Qd8 20. Nh2 Bxh2+ 21. Kxh2 Qh4+ 22. Kg1 Nd7 23. Bd6 Bf3 24. Bh2 Qg4+ 25. Bg3 Qh3 0-1

[Event "*** Titled Tuesday Blitz"]
[Site "Chess.com"]
[Date "2020.02.04"]
[Round "3"]
[White "ehrenfeld"]
[Black "Sajkochess"]
[Result "1-0"]
[WhiteElo "2507"]
[BlackElo "2294"]
[TimeControl "180+2"]
[EndTime "13:35:42 PST"]
[Termination "ehrenfeld won by resignation"]

1. e4 e5 2. Nc3 Nf6 3. f4 d5 4. fxe5 Nxe4 5. Qf3 Nxc3 6. bxc3 Be7 7. d4 O-O 8. Bd3 Qd7 9. Ne2 c6 10. O-O Qg4 11.
Qf2 f6 12. h3 Qd7 13. Qh4 g6 14. exf6 Bd6 15. Bh6 Rf7 16. Rae1 Na6 17. Qg5 Bf8 18. Bxf8 Kxf8 19. Bxg6 hxg6 20. Nf4 Qf5 21. Nxg6+ Kg8 22. Ne7+ 1-0

[Event "*** Titled Tuesday Blitz"]
[Site "Chess.com"]
[Date "2020.02.04"]
[Round "3"]
[White "chessdjw"]
[Black "AntonSmirnov"]
[Result "0-1"]
[WhiteElo "2589"]
[BlackElo "2893"]
[TimeControl "180+2"]
[EndTime "13:35:44 PST"]
[Termination "AntonSmirnov won by resignation"]

1. c4 e5 2. Nc3 Nf6 3. Nf3 Nc6 4. g3 Bb4 5. Bg2 O-O 6. O-O Bxc3 7. bxc3 e4 8. Ng5 Re8 9. d3 exd3 10. exd3 h6 11.
Nh3 d6 12. Nf4 Rb8 13. h3 Bd7 14. Rb1 b6 15. Nd5 Nxd5 16. cxd5 Ne5 17. f4 Ng6 18. c4 Qe7 19. f5 Nf8 20. Rb2 f6 21. Rbf2 Qf7 22. a4 a6 23. g4 b5 24. axb5 axb5 25. Bf4 bxc4 26. dxc4 Rb4 27. c5 Bb5 28. Re1 Rxe1+ 29.
Qxe1 dxc5 30. Re2 Bxe2 31. Bd2 Bc4 32. Bxb4 cxb4 33. Qe4 Ba2 34. Qxb4 Bxd5 0-1

[Event "*** Titled Tuesday Blitz"]
[Site "Chess.com"]
[Date "2020.02.04"]
[Round "3"]
[White "DortmundCity"]
[Black "DonPreuss"]
[Result "0-1"]
[WhiteElo "2354"]
[BlackElo "2222"]
[TimeControl "180+2"]
[EndTime "13:35:44 PST"]
[Termination "DonPreuss won on time"]

1. e4 e5 2. Nf3 d5 3. Nxe5 Bd6 4. d4 dxe4 5. Nc4 Ne7 6. Nxd6+ cxd6 7. Be2 f5 8. O-O O-O 9. c4 Ng6 10. Nc3 Nc6 11. Re1 Qh4 12. g3 Qd8 13. Bf1 Qf6 14. Be3 f4 15. Nd5 Qf5 16. gxf4 Nh4 17. Kh1 Nf3 18. Re2 Qh5 0-1

[Event "*** Titled Tuesday Blitz"]
[Site "Chess.com"]
[Date "2020.02.04"]
[Round "3"]
[White "IMDT02"]
[Black "Chessalary"]
[Result "0-1"]
[WhiteElo "2519"]
[BlackElo "2186"]
[TimeControl "180+2"]
[EndTime "13:35:51 PST"]
[Termination "Chessalary won by resignation"]

1. d4 d5 2. Bf4 c5 3. e3 Nc6 4. c3 Qb6 5. b3 Bf5 6. Nd2 cxd4 7.
exd4 e6 8. b4 Bxb4 9. cxb4 Nxb4 10. Rc1 Ne7 11. Bc7 Qxd4 12. Ngf3 Qb2 13. Bb5+ Nec6 14. O-O Rc8 15. Bd6 Nxa2 16. Bxc6+ bxc6 17. Ra1 Nc3 18. Qe1 Bd3 19. Qe5 Bxf1 20. Rxf1 Rd8 21.
Qxg7 Ne2+ 0-1

[Event "*** Titled Tuesday Blitz"]
[Site "Chess.com"]
[Date "2020.02.04"]
[Round "3"]
[White "albano87"]
[Black "Kislov_Oleg"]
[Result "1-0"]
[WhiteElo "1920"]
[BlackElo "2499"]
[TimeControl "180+2"]
[EndTime "13:35:56 PST"]
[Termination "albano87 won by resignation"]

1. d4 Nf6 2. Nf3 d5 3. g3 Bg4 4. Bg2 Nbd7 5. O-O c6 6. c4 e6 7. Nc3 Bd6 8. Bf4 Bxf4 9. gxf4 dxc4 10. Ne5 Nxe5 11. fxe5 Nd5 12. Ne4 O-O 13. a4 b5 14. Qd2 a6 15. Nd6 Bh5 16. e4 Nb6 17. f4 Nc8 18. axb5 Nxd6 19. exd6 Qxd6 20. bxc6 Qxc6 21.
e5 Qb5 22. Bxa8 Rxa8 23. Ra5 Qb7 24. Qg2 Qc8 25. Rc5 Qd8 26. Rxc4 Bg6 27. Rfc1 Bd3 28. Qxa8 1-0

[Event "*** Titled Tuesday Blitz"]
[Site "Chess.com"]
[Date "2020.02.04"]
[Round "3"]
[White "mitrabhaa"]
[Black "TheBigBadChessDad"]
[Result "1-0"]
[WhiteElo "2565"]
[BlackElo "2323"]
[TimeControl "180+2"]
[EndTime "13:36:03 PST"]
[Termination "mitrabhaa won by resignation"]

1. d4 Nf6 2. c4 e6 3. g3 d5 4.
Bg2 dxc4 5. Qa4+ Nbd7 6. Qxc4 a6 7. Nh3 b5 8. Qc2 Ra7 9. Bf4 Bd6 10. Nd2 O-O 11.
O-O Bb7 12. e4 Bxf4 13. Nxf4 e5 14. dxe5 Nxe5 15. Rad1 Qe7 16. Nb3 Nc4 17. Rfe1 Re8 18. Nd4 g6 19. e5 Ng4 20. Bxb7 Rxb7 21. e6 c5 22. Nc6 Qc7 23. exf7+ Qxf7 24. Rxe8+ Qxe8 25. Rd8 Kf7 26. Rxe8 Kxe8 27. Nd5 Rf7 28. Qe4+ Nge5 29.
Nxe5 1-0